Map: Echo LE (Void)

Players

AgCl

  • Race: Protoss Protoss

Adiam - Winner!

  • Race: Zerg Zerg

VOD

Have the link to the VOD?

Description

Time

  • Played on: May 4, 2015, 3:22 a.m.
  • Length: 22:26
Show
View Real Time Build Order
Export as new Build Order

AgCl Protoss 

Build Orders: Oracle Opening, Oracle Opening 

Get SALT Encoding   

  12  0:02  Probe  
  13  0:22  Probe  
  13  0:25  Pylon  
  14  0:38  Assimilator  
  14  0:43  Probe  
  15  0:55  Probe (Chrono Boost)  
  16  1:01  Gateway  
  16  1:07  Probe (Chrono Boost)  
  17  1:13  Probe (Chrono Boost)  
  18  1:24  Probe  
  19  1:31  Pylon  
  19  1:36  Probe (Chrono Boost)  
  21  1:48  Probe (Chrono Boost)  
  21  1:58  Zealot (Chrono Boost)  
  23  2:01  Nexus  
  23  2:05  Cybernetics Core  
  23  2:09  Probe  
  24  2:21  Probe  
  25  2:32  Assimilator  
  25  2:33  Probe  
  26  2:45  Probe (Chrono Boost)  
  26  2:50  Stargate  
  27  2:58  Mothership Core (Chrono Boost)  
  27  3:11  Zealot  
  30  3:14  Probe (Chrono Boost)  
  30  3:17  Probe (Chrono Boost)  
  31  3:25  Probe (Chrono Boost)  
  33  3:27  Probe (Chrono Boost)  
  35  3:34  Oracle  
  35  3:35  Probe (Chrono Boost)  
  35  3:36  Twilight Council, Probe (Chrono Boost)  
  35  3:39  Pylon  
  38  3:42  Warp Gate, Assimilator  
  38  3:43  Probe (Chrono Boost)  
  38  3:44  Probe (Chrono Boost)  
  40  3:50  Assimilator  
  40  3:54  Probe x2 (Chrono Boost)  
  42  4:01  Probe (Chrono Boost)  
  44  4:03  Probe (Chrono Boost)  
  44  4:10  Probe (Chrono Boost)  
  44  4:13  Probe (Chrono Boost)  
  46  4:19  Fleet Beacon  
  46  4:22  Probe (Chrono Boost)  
  48  4:25  Probe (Chrono Boost)  
  49  4:31  Probe (Chrono Boost)  
  49  4:32  Probe (Chrono Boost)  
  50  4:39  Probe  
  50  4:42  Probe (Chrono Boost)  
  52  5:01  Carrier (Chrono Boost)  
  52  5:02  Gateway, Probe (Chrono Boost)  
  52  5:03  Probe (Chrono Boost)  
  52  5:04  Pylon  
  51  5:08  Graviton Catapult  
  51  5:11  Gateway  
  51  5:12  Probe  
  51  5:13  Charge (Chrono Boost)  
  52  5:14  Pylon  
  52  5:22  Probe  
  59  5:30  Gateway  
  59  5:35  Probe  
  60  5:41  Probe, Nexus  
  61  5:49  Zealot  
  62  5:57  Probe  
  62  6:03  Zealot  
  65  6:04  Pylon  
  65  6:08  Carrier (Chrono Boost)  
  65  6:12  Dark Shrine  
  65  6:14  Pylon  
  65  6:19  Zealot, Pylon  
  73  6:31  Pylon  
  74  6:34  Probe (Chrono Boost)  
  75  6:40  Probe (Chrono Boost)  
  75  6:41  Forge  
  73  6:47  Assimilator  
  73  6:48  Pylon, Assimilator  
  69  6:58  Stalker  
  69  7:02  Carrier (Chrono Boost)  
  69  7:04  Protoss Air Weapons Level 1  
  69  7:15  Protoss Ground Weapons Level 1 (Chrono Boost)  
  69  7:17  Photon Cannon  
  69  7:22  Pylon, Stargate  
  75  7:25  Gateway  
  75  7:27  Probe  
  75  7:29  Photon Cannon  
  76  7:30  Photon Cannon  
  76  7:41  Photon Cannon  
  76  7:53  Dark Templar  
  76  7:54  Dark Templar x3  
  84  8:00  Probe (Chrono Boost)  
  84  8:03  Carrier (Chrono Boost)  
  87  8:06  Probe x2 (Chrono Boost)  
  77  8:20  Carrier (Chrono Boost)  
  77  8:22  Probe (Chrono Boost)  
  77  8:23  Probe (Chrono Boost)  
  81  9:01  Zealot x2  
  81  9:02  Zealot x2  
  89  9:20  Protoss Ground Weapons Level 2 (Chrono Boost)  
  89  9:23  Templar Archives  
  89  9:25  Carrier (Chrono Boost)  
  89  9:28  Gateway x3  
  89  9:30  Pylon  
  89  9:31  Gateway  
  89  9:35  Robotics Facility  
  89  9:37  Photon Cannon  
  89  9:38  Cybernetics Core  
  89  9:39  Pylon  
  89  9:42  Probe (Chrono Boost), Photon Cannon  
  92  9:47  Probe x2 (Chrono Boost), Phoenix (Chrono Boost)  
  92  9:51  Probe (Chrono Boost)  
  101  9:58  Probe  
  101  9:59  Probe  
  103  10:01  Protoss Air Weapons Level 2 (Chrono Boost)  
  103  10:04  Probe  
  104  10:11  Probe  
  105  10:14  Pylon  
  105  10:16  Gateway  
  105  10:18  Protoss Air Armor Level 1 (Chrono Boost)  
  105  10:19  Pylon  
  105  10:23  Observer (Chrono Boost)  
  106  10:38  High Templar x3, Carrier (Chrono Boost)  
  106  10:40  Psionic Storm  
  113  10:47  Pylon  
  113  10:50  Observer  
  113  11:07  Probe  
  113  11:09  Probe  
  121  11:11  Photon Cannon  
  120  11:23  High Templar  
  122  11:30  Nexus  
  122  11:31  Zealot  
  122  11:32  Zealot x3  
  130  11:34  Pylon  
  130  11:36  Pylon  
  129  11:42  Zealot  
  129  11:43  Zealot x4  
  139  11:52  Carrier (Chrono Boost)  
  117  11:59  Carrier (Chrono Boost)  
  85  12:22  Dark Templar x2, Zealot x2  
  86  12:23  Zealot  
  87  12:48  High Templar x2  
  91  12:53  Probe (Chrono Boost), Assimilator  
  94  12:59  Probe x2 (Chrono Boost)  
  88  13:17  Carrier  
  80  13:48  Assimilator  
  80  13:49  Probe  
  80  13:50  Photon Cannon  
  81  13:56  Dark Templar  
  81  13:58  High Templar  
  71  14:40  Protoss Ground Weapons Level 3  
  66  15:02  Probe (Chrono Boost)  
  66  15:03  High Templar  
  66  15:06  Probe (Chrono Boost)  
  58  15:11  Probe (Chrono Boost)  
  52  15:18  Probe (Chrono Boost)  
  52  15:19  Void Ray  
  56  15:22  Probe (Chrono Boost)  
  56  15:23  Probe (Chrono Boost)  
  58  15:33  Probe (Chrono Boost)  
  58  15:34  Probe (Chrono Boost)  
  60  15:36  Probe (Chrono Boost)  
  60  15:40  Gateway  
  60  15:41  Probe  
  61  15:44  Gateway  
  61  15:48  Zealot  
  61  15:49  Zealot x2  
  67  15:50  Zealot  
  67  15:51  Stalker x3  
  75  16:03  Archon  
  67  16:06  Zealot x2  
  65  16:11  Zealot x2  
  65  16:31  Void Ray (Chrono Boost)  
  69  16:37  Probe  
  70  16:51  Probe  
  70  16:53  Probe  
  72  17:04  Void Ray (Chrono Boost)  
  72  17:07  Assimilator  
  76  17:10  Nexus  
  76  17:15  Adept  
  77  17:32  Protoss Air Weapons Level 3 (Chrono Boost)  
  75  17:56  High Templar  
  77  18:06  Pylon  
  77  18:10  Pylon  
  77  18:23  Assimilator  
  77  18:24  High Templar  
  79  18:28  Zealot x2  
  79  18:29  Zealot x3  
  79  18:33  Adept  
  79  19:01  Protoss Shields Level 1  
  79  19:09  Probe  
  80  19:10  Probe x2  
  82  19:17  Probe  
  82  19:20  Zealot x4  
  82  19:21  High Templar  
  82  19:23  Pylon  
  93  19:25  High Templar  
  95  19:46  Phoenix (Chrono Boost)  
  95  19:48  Assimilator  
  95  19:50  Assimilator  
  97  19:55  Zealot x3, Pylon  
  97  19:56  Zealot x3  
  113  20:07  Void Ray (Chrono Boost)  
  103  20:33  Archon  
  103  20:35  Dark Templar x2  
  75  20:45  Zealot x5  
  75  20:46  Zealot x2  
  89  20:50  Void Ray  
  91  21:06  Zealot  
  73  21:24  Dark Templar  
  73  21:25  Dark Templar  
  77  21:27  Pylon  
  73  21:48  Zealot x2  
  73  21:49  Zealot x3  
  42  22:18  Nexus  
  42  22:21  Assimilator  
Show
View Real Time Build Order
Export as new Build Order

Adiam Zerg - Winner!

Build Orders: Hatch First, Lurkers 

Get SALT Encoding   

  12  0:01  Drone  
  13  0:13  Overlord  
  13  0:21  Drone  
  14  0:32  Drone x2  
  17  0:35  Drone  
  17  0:52  Hatchery  
  17  0:56  Drone  
  17  1:02  Drone  
  18  1:13  Spawning Pool  
  18  1:15  Drone  
  18  1:26  Drone  
  18  1:31  Drone  
  20  1:40  Overlord  
  20  1:51  Drone  
  21  2:01  Drone  
  21  2:07  Drone  
  21  2:08  Queen x2  
  25  2:12  Zergling x2  
  28  2:18  Drone  
  29  2:36  Drone  
  31  2:51  Zergling x4  
  31  2:52  Hatchery  
  31  2:53  Drone x3  
  33  3:09  Drone x2  
  35  3:13  Drone  
  35  3:17  Overlord x2  
  36  3:29  Extractor  
  36  3:30  Extractor, Queen  
  36  3:50  Drone x15  
  51  4:00  Overlord  
  51  4:02  Overlord  
  51  4:10  Queen  
  53  4:26  Drone  
  53  4:27  Drone x12  
  66  4:38  Spore Crawler  
  66  4:40  Spore Crawler  
  66  4:42  Spore Crawler  
  57  5:06  Drone x7, Extractor  
  57  5:07  Drone x2, Extractor  
  65  5:09  Drone x2  
  65  5:13  Extractor  
  65  5:14  Extractor  
  65  5:15  Drone  
  65  5:22  Drone x2  
  65  5:24  Drone x3  
  65  5:27  Drone x2  
  72  5:38  Metabolic Boost, Lair  
  72  5:43  Roach Warren, Drone x2  
  72  5:44  Evolution Chamber  
  72  6:05  Hatchery, Overlord x4  
  70  6:24  Roach x15  
  70  6:25  Roach x3  
  106  6:28  Overlord x4  
  105  6:44  Queen  
  106  6:50  Glial Reconstitution  
  106  6:53  Zerg Missile Weapons Level 1  
  106  6:54  Hydralisk Den  
  106  6:55  Drone x2  
  107  7:05  Drone x3  
  107  7:07  Drone  
  112  7:15  Ravager x2  
  112  7:16  Ravager x3  
  116  7:25  Hatchery  
  116  7:26  Drone  
  116  7:30  Overlord x3  
  116  7:33  Hydralisk  
  116  7:34  Hydralisk x10, Muscular Augments  
  117  8:11  Hydralisk x9  
  117  8:12  Hydralisk x3  
  110  8:20  Overseer x2  
  110  8:21  Overseer  
  110  8:22  Drone  
  110  8:25  Spine Crawler  
  110  8:29  Roach x5  
  110  8:30  Roach  
  122  8:36  Overlord x2  
  118  8:47  Roach x4  
  118  8:48  Roach x2  
  118  8:54  Roach x9  
  136  9:04  Hatchery  
  136  9:08  Drone x3  
  136  9:09  Drone x3  
  142  9:10  Drone x2  
  142  9:15  Hatchery  
  134  9:21  Queen  
  136  9:25  Lurker Den, Hydralisk, Extractor  
  136  9:26  Hydralisk x3  
  136  9:28  Extractor  
  142  9:31  Drone x2  
  144  9:38  Zerg Missile Weapons Level 2  
  144  9:42  Drone  
  144  9:43  Drone, Infestation Pit  
  145  9:50  Hydralisk x7  
  159  10:12  Hydralisk x8  
  175  10:19  Drone x3  
  175  10:20  Drone x4  
  182  10:21  Overlord x2  
  182  10:38  Spine Crawler  
  182  10:40  Extractor  
  182  10:42  Drone x2  
  182  10:44  Drone x4  
  186  10:50  Extractor  
  186  10:54  Hive  
  185  10:58  Lurker  
  185  10:59  Lurker x8  
  194  11:04  Zergling x2  
  194  11:05  Zergling x2  
  194  11:07  Overlord x5  
  196  11:15  Spine Crawler  
  196  11:16  Spine Crawler  
  196  11:17  Spore Crawler, Spine Crawler  
  196  11:18  Spore Crawler  
  191  11:19  Spore Crawler  
  190  11:36  Roach x5  
  179  12:05  Hydralisk  
  151  12:14  Spire  
  151  12:15  Drone x4  
  136  12:16  Spire  
  136  12:20  Drone x2  
  136  12:21  Drone  
  131  12:33  Zerg Missile Weapons Level 3  
  131  12:34  Hydralisk  
  131  12:35  Hydralisk x13  
  139  12:49  Drone x2  
  139  12:51  Drone x2  
  143  12:53  Spine Crawler x2  
  143  12:54  Spine Crawler  
  101  13:25  Roach  
  101  13:26  Hydralisk, Roach x10  
  115  13:27  Hydralisk x16  
  115  13:28  Hydralisk x6  
  151  13:36  Overseer  
  145  13:53  Corruptor x3  
  145  13:54  Corruptor x2  
  121  14:13  Corruptor  
  97  14:18  Corruptor x4  
  98  14:39  Overseer  
  98  14:43  Roach x2  
  98  14:44  Roach x5  
  109  15:00  Hydralisk  
  109  15:01  Hydralisk x5  
  107  15:16  Drone  
  106  15:33  Hatchery  
  103  15:51  Hatchery  
  82  16:12  Hydralisk  
  82  16:13  Hydralisk x11  
  98  16:27  Hydralisk  
  98  16:28  Hydralisk  
  98  16:30  Hydralisk  
  98  16:31  Roach Warren  
  103  17:07  Hatchery  
  102  17:13  Roach x3  
  102  17:14  Roach x7  
  122  17:27  Spire  
  121  17:30  Queen  
  123  17:57  Overseer  
  123  18:05  Drone, Extractor  
  120  18:59  Hatchery  
  120  19:01  Corruptor  
  120  19:02  Corruptor x19  
  159  19:10  Extractor  
  159  19:16  Roach  
  160  19:17  Roach x6  
  172  19:38  Zerg Flyer Weapons Level 1  
  172  19:43  Zergling x2  
  172  19:44  Zergling x30  
  188  20:09  Hydralisk Den  
  153  20:46  Hatchery  
  136  20:54  Overseer  
  119  21:02  Overseer  
  119  21:03  Overseer  
  107  21:08  Drone x2  
  107  21:09  Drone x13  
  114  21:18  Hydralisk x8  
  118  21:37  Drone x3  
  121  21:56  Overseer x2  
Tags
 
Add a new tag
Caveats
  • Supply blocks, unpowered buildings, or Contaminate may cause inaccurate times.
  • Supply counts are checked every 10 seconds.